 Dungeon Crawl Stone Soup version 0.30-a0-347-gf58ed52 (webtiles) character file.

Game seed: 13431926033913570746

1423 Dorkslayer the Covert (level 8, -1/53 HPs)
             Began as an Octopode Brigand on Nov 5, 2022.
             Slain by Grinder (3 damage)
             ... while paralysed by Grinder
             ... on level 6 of the Dungeon.
             The game lasted 00:14:26 (4498 turns).

Dorkslayer the Covert (Octopode Brigand)            Turns: 4498, Time: 00:14:26

Health: -1/53      AC:  1    Str: 10      XL:     8   Next: 72%
Magic:  10/10      EV:  2    Int: 11 (14) God:
Gold:   275        SH:  0    Dex: 14 (15) Spells: 5/10 levels left

rFire   . . .      SeeInvis .    j - +4 dagger (venom)
rCold   + . .      Faith    .    (no shield)
rNeg    . . .      Spirit   .    (helmet restricted)
rPois   .          Reflect  .    g - amulet of the acrobat
rElec   .          Harm     .    d - ring of protection from cold
rCorr   .          Rampage  .    (no ring)
Will    .....                    (no ring)
Stlth   +++++.....               (no ring)
HPRegen 0.28/turn                (no ring)
MPRegen 0.12/turn                (no ring)
                                 (no ring)
                                 (no ring)

@: paralysed, mighty, hasted
A: almost no armour, amphibious, 8 rings, camouflage 1, gelatinous body 1,
(nimble swimmer 1), tentacles
a: no special abilities


You were on level 6 of the Dungeon.
You visited 1 branch of the dungeon, and saw 6 of its levels.

You collected 317 gold pieces.
You spent 42 gold pieces at shops.

Inventory:

Hand Weapons
 a - a +2 dagger
 j - a +4 dagger of venom (weapon)
 l - a +0 scimitar of electrocution
Missiles
 b - 9 poisoned darts (quivered)
Jewellery
 d - a ring of protection from cold (left tentacle)
 g - an amulet of the acrobat (around mantle)
Scrolls
 h - 2 scrolls of teleportation
 i - 2 scrolls of fear {unknown}
 n - a scroll of fog
 p - 2 scrolls of blinking {unknown}
 s - 3 scrolls of amnesia
 t - a scroll of acquirement {unknown}
 v - a scroll of magic mapping {unknown}
 w - a scroll of summoning
 y - a scroll of enchant weapon {unknown}
Potions
 e - a potion of resistance {unknown}
 f - a potion of magic {unknown}
 k - 2 potions of might
 m - a potion of berserk rage {unknown}
 o - a potion of mutation {unknown}
 r - a potion of heal wounds {unknown}
 x - a potion of degeneration
 z - a potion of lignification {unknown}


   Skills:
 + Level 3.6 Fighting
 + Level 4.4 Short Blades
 + Level 0.2(2.6) Long Blades
 + Level 2.8 Throwing
 + Level 2.6 Dodging
 + Level 10.0 Stealth
 * Level 1.7 Spellcasting
 * Level 2.0 Transmutations
 * Level 1.8 Fire Magic
 * Level 2.7 Poison Magic
 * Level 3.7 Evocations


You had 5 spell levels left.
You knew the following spells:

 Your Spells              Type           Power      Damage    Failure   Level
a - Ignite Poison         Fire/Tmut/Pois 5%         N/A       36%         3
b - Poisonous Vapours     Pois/Air       8%         N/A       26%         2

Your spell library contained the following spells:

 Spells                   Type           Power      Damage    Failure   Level
 Cigotuvi's Dreadful Rot  Necr/Pois/Air  4%         N/A       30%         2
 Mephitic Cloud           Conj/Pois/Air  2%         N/A       52%         3
 Ozocubu's Armour         Ice            0%         N/A       65%         3
 Sticky Flame             Conj/Fire      2%         2d3       90%         4
 Metabolic Englaciation   Hex/Ice        0%         N/A       100%        5
 Simulacrum               Ice/Necr       0%         N/A       100%        6
 Ignition                 Fire           2%         3d3       100%        8


Dungeon Overview and Level Annotations

Branches:
Dungeon (6/15)             Temple (0/1) D:6

Altars:
Hepliaklqana
Zin

Shops:
D:4 !

Annotations:
D:6 Grinder


Innate Abilities, Weirdness & Mutations

You cannot wear most types of armour.
You are amphibious.
You can wear up to eight rings at the same time.
Your skin changes colour to match your surroundings (Stealth+).
Your rubbery body absorbs attacks. (AC +1, EV +1)
((You are camouflaged when in or above water. (Stealth+)))
You have tentacles for arms and can constrict up to eight enemies at once.


Message History

The curare-tipped dart hits the necrophage.
You barely miss Edmund. You grab Edmund.
Edmund is severely wounded.
You constrict Edmund, but do no damage. You hit Edmund but do no damage.
Edmund looks as sick as possible!
You squeeze Edmund!
Edmund is almost dead.
You constrict Edmund, but do no damage.
Edmund hits you with a +2 flail of protection!
You puncture Edmund!
You kill Edmund!
You feel your strength returning.
Your Stealth skill increases to level 10!
That's the wrong kind of item! (Use * to select it.) Evoke which item? (* to show all) (? for menu, Esc to quit)
Aiming: Throw Flame
Press: ? - help, Shift-Dir - straight line, f - necrophage
Aim: a necrophage (71% to hit)
The puff of flame hits the necrophage.
The necrophage is lightly damaged.
You puncture the necrophage! Your grab misses the necrophage.
The necrophage is heavily damaged.
The necrophage hits you.
You puncture the necrophage! You grab the necrophage.
You squeeze the necrophage.
You destroy the necrophage!
Your Transmutations skill increases to level 2!
Aiming: Throw Flame
Press: ? - help, Shift-Dir - straight line, f - Grinder
Aim: Grinder (moderately wounded, 68% to hit)
The puff of flame misses Grinder.
The now-empty wand crumbles to dust.
Grinder gestures at you. Pain shoots through your body!
* * * LOW HITPOINT WARNING * * *
Grinder gestures at you.
You suddenly lose the ability to move!
Grinder hits you!
* * * LOW HITPOINT WARNING * * *
You writhe in agony.
You die...

.. ...#.#
#..#<# #.##.#
#.##.# #.##.#
#.##.########
#.##..@5.(..#
#....######.###
#.##.# #...5.#
#.##.# #..†..#
#.##.#
#..........
#.##.#
#.......###
#.##.#
#....⌠....^
#######.##.#
##....!..##
#...<.>.##.#
#.⌠.>.⌠.#


You could see Grinder.

Vanquished Creatures
  Edmund (D:6)
  A water moccasin (D:5)
  A black bear (D:5)
  2 phantoms (D:5)
  3 necrophages
  3 scorpions
  2 howler monkeys
  2 hounds
  3 jellies
  3 orc priests
  An iguana (D:6)
  3 orc wizards
  Natasha (D:3)
  Terence (D:3)
  Robin (D:4)
  6 worms
  3 dart slugs (D:1)
  14 orcs
  6 ball pythons
  5 endoplasms
  6 giant cockroaches
  16 goblins
  9 hobgoblins
  7 jackals
  8 kobolds
  6 quokkas
  2 bats
  8 frilled lizards
  5 rats
129 creatures vanquished.

Vanquished Creatures (others)
  2 fungi (D:2)
  6 plants
8 creatures vanquished.

Grand Total: 137 creatures vanquished

Notes
Turn   | Place    | Note
-------+----------+-------------------------------------------
     0 | D:1      | Dorkslayer the Octopode Brigand began the quest for the
                  | Orb.
     0 | D:1      | Reached XP level 1. HP: 14/14 MP: 1/1
    40 | D:1      | Reached XP level 2. HP: 14/19 MP: 2/2
    78 | D:1      | Reached skill level 6 in Stealth
   264 | D:1      | Reached XP level 3. HP: 24/24 MP: 3/3
   768 | D:2      | Reached skill level 7 in Stealth
  1031 | D:2      | Found a faded altar of an unknown god.
  1122 | D:3      | Reached XP level 4. HP: 29/29 MP: 4/4
  1424 | D:3      | Noticed Terence
  1427 | D:3      | Killed Terence
  1619 | D:3      | Noticed Natasha
  1626 | D:3      | Killed Natasha
  1627 | D:3      | Reached XP level 5. HP: 35/35 MP: 5/5
  2001 | D:4      | Noticed Robin
  2024 | D:4      | Found a hazy altar of Hepliaklqana.
  2033 | D:4      | Reached skill level 8 in Stealth
  2033 | D:4      | Reached skill level 1 in Evocations
  2217 | D:4      | Reached XP level 6. HP: 40/41 MP: 6/6
  2245 | D:4      | Killed Robin
  2558 | D:4      | Found Ywataygu's Distillery.
  2580 | D:4      | Reached skill level 9 in Stealth
  2648 | D:4      | Bought a potion of curing for 42 gold pieces
  2673 | D:5      | Entered Level 5 of the Dungeon
  2679 | D:5      | Found a glowing silver altar of Zin.
  2683 | D:5      | Noticed a black bear
  2690 | D:5      | Killed a black bear
  2691 | D:5      | Reached XP level 7. HP: 45/45 MP: 7/7
  3090 | D:5      | Learned a level 3 spell: Ignite Poison
  3413 | D:5      | Learned a level 2 spell: Poisonous Vapours
  3481 | D:5      | Reached skill level 1 in Poison Magic
  3490 | D:5      | Reached XP level 8. HP: 23/52 MP: 8/8
  3666 | D:5      | Reached skill level 1 in Transmutations
  3844 | D:5      | Reached skill level 1 in Spellcasting
  3844 | D:5      | Reached skill level 1 in Fire Magic
  4468 | D:6      | Found a staircase to the Ecumenical Temple.
  4471 | D:6      | Noticed Grinder
  4472 | D:6      | Noticed Edmund
  4492 | D:6      | Killed Edmund
  4493 | D:6      | Reached skill level 10 in Stealth
  4497 | D:6      | Paralysed by Grinder for 2 turns
  4498 | D:6      | HP: 2/53 [Grinder (10)]
  4498 | D:6      | Slain by Grinder

Illustrated notes

Levels and vault maps discovered:
D:1:      heliophobic_arrival_battle_scene, layout_loops_ring
D:2:      layout_rooms, shapermc_ecumenical_altar_petra, nicolae_wormholes
D:3:      layout_loops_corners, grunt_decor_clamped, minmay_lizard_king,
          uniq_terence, uniq_natasha
D:4:      layout_gridville, nicolae_hepliaklqana_hazy_memory, serial_shops,
          shop, skrybe_limestone_x, uniq_robin
D:5:      layout_basic, mainiacjoe_overflow_catwalk
D:6:      layout_loops_ring, temple_fountains, nicolae_grassy_gnolls,
          uniq_grinder, uniq_crazy_yiuf_cottage, uniq_duvessa, uniq_edmund

Skill      XL: |  1  2  3  4  5  6  7  8 |
---------------+-------------------------+-----
Stealth        | 6 7 8 9 10 | 10.0
Evocations     | 1 2 3 |  3.7
Short Blades   | 3 4 |  4.4
Fighting       | 3 |  3.6
Dodging        | 2 |  2.6
Poison Magic   | 1 2 |  2.7
Transmutations | 2 |  2.0
Spellcasting   | 1 |  1.7
Fire Magic     | 1 |  1.8
Long Blades    | |  0.2
Throwing       | |  2.8

Action                   |  1- 3 |  4- 6 |  7- 9 || total
-------------------------+-------+-------+-------++-------
Melee: Dagger            |    64 |    93 |   119 ||   276
       Constrict         |    17 |    34 |    17 ||    68
       Tentacles         |    16 |    21 |    30 ||    67
       Scimitar          |     3 |       |       ||     3
       Punch             |       |     4 |     2 ||     6
Throw: Dart              |       |    13 |     1 ||    14
Evoke: Wand              |       |       |     3 ||     3
  Use: Scroll            |     4 |     1 |     4 ||     9
       Potion            |       |       |     6 ||     6
 Stab: Sleeping          |    13 |    14 |     7 ||    34
Armor: Skin              |     2 |     5 |     1 ||     8
Dodge: Dodged            |    26 |    64 |    46 ||   136

Table legend: (Time is in decaauts)
 A = Elapsed time spent in this place.
 B = Non-inter-level travel time spent in this place.
 C = Inter-level travel time spent in this place.
 D = Time resting spent in this place.
 E = Time spent auto-exploring this place.
 F = Levels seen in this place.
 G = Mean time per level.
                   A        B        C        D        E       F      G
               +--------+--------+--------+--------+--------+-----+--------+
         Total |   4432 |   4432 |      0 |     97 |   2858 |   6 |  738.7 |
       Dungeon |   4432 |   4432 |      0 |     97 |   2858 |   6 |  738.7 |
               +--------+--------+--------+--------+--------+-----+--------+

Top non-repeatable levels by time:
     D:5: 1739 daAuts
     D:3: 905 daAuts
     D:1: 661 daAuts
     D:4: 649 daAuts
     D:2: 435 daAuts
     D:6: 40 daAuts
